 Dungeon Crawl Stone Soup version 0.19.0 (webtiles) character file.

246 Eucla the Skirmisher (level 6, -1/44 HPs)
             Began as an Octopode Berserker on Nov 12, 2016.
             Was a Priest of Trog.
             Slain by a phantom (9 damage)
             ... on level 4 of the Dungeon.
             The game lasted 00:02:44 (2232 turns).

Eucla the Skirmisher (Octopode Berserker)           Turns: 2232, Time: 00:02:45

Health: -1/44      AC:  1    Str: 17    XL:     6   Next: 11%
Magic:  6/6        EV: 15    Int:  9    God:    Trog [***...]
Gold:   253        SH:  0    Dex: 13    Spells: 0 memorised, 5 levels left

rFire  . . .     SeeInvis +     c - +0 whip (elec)
rCold  . . .     Gourm    .     (no shield)
rNeg   . . .     Faith    .     (helmet restricted)
rPois  .         Spirit   .     t - amulet of magic regeneration
rElec  .         Reflect  .     (no ring)
rCorr  .         Harm     .     g - ring of see invisible
MR     .....                    p - ring of loudness (curse)
Stlth  +.........               (no ring)
                                (no ring)
                                (no ring)
                                (no ring)
                                (no ring)

@: no status effects
A: almost no armour, stealthy swim, amphibious, 8 rings, constrict 8, camouflage
1, gelatinous body 1
a: Berserk, Trog's Hand, Burn Spellbooks, Renounce Religion


You were on level 4 of the Dungeon.
You worshipped Trog.
Trog was most pleased with you.
You were not hungry.

You visited 1 branch of the dungeon, and saw 4 of its levels.

You collected 253 gold pieces.

Inventory:

Hand Weapons
 a - a +0 falchion
 c - a +0 whip of electrocution (weapon)
 v - a +0 long sword
Jewellery
 d - an uncursed ring of fire
 g - a ring of see invisible (right tentacle)
 p - a cursed ring of loudness (on tentacle)
 t - an amulet of magic regeneration (around mantle)
 w - an uncursed ring of protection from fire {unknown}
Scrolls
 h - a scroll of magic mapping {unknown}
 j - a scroll of identify {unknown}
 k - a scroll of amnesia {unknown}
 l - 2 scrolls of remove curse {unknown}
 s - a scroll of noise {unknown}
 y - a scroll of recharging {unknown}
 A - a scroll of blinking {unknown}
Potions
 e - 5 potions of curing {unknown}
 i - 2 potions of brilliance {unknown}
 m - a potion of mutation {unknown}
 n - a potion of invisibility {unknown}
 o - a potion of agility
 q - 2 potions of degeneration {unknown}
 r - 2 potions of lignification {unknown}
 u - 2 potions of might {unknown}
Comestibles
 b - 3 bread rations
 f - 2 meat rations
 x - 3 fruits
 z - a beef jerky


   Skills:
 + Level 4.6 Fighting
 + Level 4.5 Long Blades
 + Level 4.3 Dodging


You had 5 spell levels left.
You didn't know any spells.

Dungeon Overview and Level Annotations

Branches:
Dungeon (4/15)
 Temple: D:4-7

Altars:
Cheibriados
Gozag
Qazlal
Xom


Innate Abilities, Weirdness & Mutations

You cannot wear most types of armour.
You are very stealthy in the water. (Stealth+)
You are amphibious.
You can wear up to eight rings at the same time.
You can use your tentacles to constrict eight enemies at once.
Your skin changes colour to match your surroundings (Stealth+).
Your rubbery body absorbs attacks. (AC +1, EV +1)


Message History

You barely miss the phantom.
You squeeze the phantom, but do no damage.
The phantom is moderately damaged.
The phantom hits you.
The phantom blinks!
Unknown command.
The phantom hits you.
The phantom blinks!
Unknown command.
The phantom barely misses you.
Unknown command.
You barely miss the phantom.
The phantom is moderately damaged.
The phantom hits you!
* * * LOW HITPOINT WARNING * * *
You are too injured to fight recklessly!
You are too injured to fight recklessly!
You are too injured to fight recklessly!
You hit the phantom.
There is a sudden explosion of sparks!
The phantom is severely damaged.
The phantom hits you!
You die...

.#.# .#.# #+# ...#
#.# .#### #)# ....#
#########.# ....#
#.........#########
.#..#
#.................#
##..#
#.........#######)#
#..#
#...@.....#<#####)#
#..#
#...W.....#.....#.#
##..#
#.........#.###.#.#
....#
#######+#.#...#.#.#
##.## #.#.#.#.#.#
...# #.#.#.#.#.#
#### #.#.#.#.#.#
#.#.#.#.# #.#.#...#


You could see a phantom.

Vanquished Creatures
  An ogre (D:3)
  An orc wizard (D:4)
  Terence (D:2)
  Robin (D:2)
  An adder (D:3)
  2 oozes
  A worm (D:3)
  A dart slug (D:2)
  2 leopard geckos
  3 orcs (D:4)
  2 ball pythons (D:3)
  9 bats
  6 giant cockroaches
  13 goblins
  8 hobgoblins
  3 jackals (D:3)
  4 quokkas
  3 frilled lizards
  3 kobolds
  7 rats
  A fungus (D:1)
73 creatures vanquished.

Notes
Turn   | Place    | Note
-------+----------+-------------------------------------------
     0 | D:1      | Eucla the Octopode Berserker began the quest for the Orb.
     0 | D:1      | Reached XP level 1. HP: 16/16 MP: 1/1
    84 | D:1      | Reached XP level 2. HP: 16/21 MP: 2/2
   420 | D:2      | Reached XP level 3. HP: 25/26 MP: 3/3
   421 | D:2      | Noticed Terence
   429 | D:2      | Killed Terence
   542 | D:2      | Reached ** piety under Trog
   570 | D:2      | Reached XP level 4. HP: 33/33 MP: 4/4
   885 | D:2      | Noticed Robin
   910 | D:2      | Killed Robin
  1444 | D:3      | Noticed an ogre
  1448 | D:3      | Killed an ogre
  1448 | D:3      | Reached XP level 5. HP: 38/38 MP: 5/5
  1504 | D:3      | Reached *** piety under Trog
  1566 | D:3      | Found an opulent altar of Gozag.
  1845 | D:3      | Found a snail-covered altar of Cheibriados.
  1845 | D:3      | Found a faded altar of an unknown god.
  1852 | D:3      | Found a faded altar of an unknown god.
  1857 | D:3      | Found a faded altar of an unknown god.
  1859 | D:3      | Found a stormy altar of Qazlal.
  1990 | D:3      | Found a shimmering altar of Xom.
  2201 | D:4      | Reached XP level 6. HP: 44/44 MP: 6/6
  2213 | D:4      | Noticed a phantom
  2232 | D:4      | Slain by a phantom

Skill      XL: |  1  2  3  4 |
---------------+-------------+-----
Long Blades    | 4 |  4.5
Fighting       | 4 |  4.6
Dodging        | 4 |  4.3

Action                   |  1- 3 |  4- 6 || total
-------------------------+-------+-------++-------
Melee: Falchion          |    15 |       ||    15
       Constrict         |    17 |    16 ||    33
       Whip              |    39 |    82 ||   121
       Tentacles         |     9 |    13 ||    22
Invok: Berserk           |     1 |     1 ||     2
 Stab: Sleeping          |     4 |     5 ||     9
  Eat: Chunk             |       |     6 ||     6
Armor: Skin              |     5 |     4 ||     9
Dodge: Dodged            |    21 |    55 ||    76
       Rpst.: Falchion   |     4 |       ||     4
